 Dungeon Crawl Stone Soup version 0.29.1-15-g9cfb28693d (webtiles) character file.

Game seed: 5229247552545585435

106647 Chatter the Warrior (level 15, -1/145 HPs)
             Began as a Minotaur Berserker on Mar 19, 2023.
             Was a High Priest of Trog.
             Slain by Arachne
             ... wielding a staff of poison
              (7 damage)
             ... on level 2 of the Spider Nest.
             The game lasted 01:39:46 (27301 turns).

Chatter the Warrior (Minotaur Berserker)           Turns: 27301, Time: 01:39:46

Health: -1/145     AC: 22    Str: 29 (30) XL:     15   Next: 98%
Magic:  14/14      EV:  7    Int:  4      God:    Trog [*****.]
Gold:   1883       SH:  0    Dex:  8 (9)  Spells: 14/14 levels left

rFire   + + .      SeeInvis +   F - +6 battleaxe (flame)
rCold   + . .      Faith    .   (shield currently unavailable)
rNeg    . . .      Spirit   .   E - +3 scale mail {rPois}
rPois   +          Reflect  .   t - +2 hat {SInv}
rElec   .          Harm     .   o - scarf {rC+ rF+}
rCorr   .          Rampage  .   w - +2 pair of gloves
Will    +....                   V - +2 pair of boots
Stlth   ..........              Q - amulet of regeneration
HPRegen 1.14/turn               i - ring of flight
MPRegen 0.14/turn               j - ring of protection from fire

@: on berserk cooldown, flying, held, slowed, very slow
A: horns 2, retaliatory headbutt
a: Renounce Religion, Berserk, Trog's Hand, Brothers in Arms


You were on level 2 of the Spider Nest.
You worshipped Trog.
Trog was extremely pleased with you.
You visited 4 branches of the dungeon, and saw 22 of its levels.
You also visited: Sewer and Ossuary.

You collected 2866 gold pieces.
You spent 983 gold pieces at shops.

Inventory:

Hand Weapons
 f - a +8 war axe
 F - a +6 battleaxe of flaming (weapon)
Missiles
 r - 6 atropa-tipped darts
Armour
 h - a +3 plate armour of willpower
 o - a scarf of resistance (worn)
 t - a +2 hat of see invisible (worn)
 w - a +2 pair of gloves (worn)
 E - a +3 scale mail of poison resistance (worn)
 V - a +2 pair of boots (worn)
Jewellery
 i - a ring of flight (left hand)
 j - a ring of protection from fire (right hand)
 B - a +4 ring of protection
 H - a ring of resist corrosion
 N - a ring of positive energy
 Q - an amulet of regeneration (around neck)
 W - an amulet of reflection
Wands
 e - a wand of digging (8)
 q - a wand of iceblast (6)
 u - a wand of flame (3)
 R - a wand of polymorph (1)
 Y - a wand of acid (8)
Scrolls
 b - a scroll of summoning
 g - 11 scrolls of teleportation
 l - a scroll of poison
 p - 2 scrolls of magic mapping
 v - 3 scrolls of blinking
 J - a scroll of fog
 L - 9 scrolls of identify
 T - 4 scrolls of fear
 Z - a scroll of immolation
Potions
 c - 3 potions of heal wounds
 d - 3 potions of haste
 k - 10 potions of curing
 m - 3 potions of might
 n - 5 potions of resistance
 s - a potion of invisibility
 z - 6 potions of attraction
 I - a potion of berserk rage
Miscellaneous
 a - a condenser vane (inert)
 S - a phantom mirror (inert)


   Skills:
 + Level 16.5 Fighting
 + Level 16.5 Axes
 + Level 14.2 Armour
 + Level 13.0 Dodging
 - Level 11.8 Shields
 + Level 10.3 Evocations


You had 14 spell levels left.
You didn't know any spells.
Your spell library was empty.

Dungeon Overview and Level Annotations

Branches:
Dungeon (12/15)            Temple (0/1) D:6            Lair (5/5) D:10
 Shoals (0/4) Lair:2       Spider (3/4) Lair:3        Slime (0/5) Lair:5
    Orc (2/2) D:11            Elf (0/3) Orc:2         Sewer (visited)
Ossuary (visited)

Altars:
Kikubaaqudgha
Makhleb
Trog
Vehumet
Xom
The Shining One
Jiyva

Shops:
D:5 [   Orc:1 =:?   Orc:2 [:[!

Portals:
Hell: Lair:5

Annotations:
Spider:2 Arachne


Innate Abilities, Weirdness & Mutations

You have a pair of horns on your head.
You reflexively headbutt those who attack you in melee.


Message History

* * * LOW HITPOINT WARNING * * *
Arachne envenoms you!
* * * LOW HITPOINT WARNING * * *
You pick your way through the web.
You feel very sick.
Arachne's staff shoots out a stream of webbing.
The stream of webbing hits you but does no damage.
You are caught in a web!
There is a web here.
Aiming: Phantom Mirror
Press: ? - help, Q - select action, (/) - cycle Dir - move target, f - Arachne
Aim: Arachne, wielding a staff of poison (moderately wounded)
You reflect Arachne with the mirror!
The mirror clouds!
You feel very sick.
Arachne hits you with a staff of poison!
* * * LOW HITPOINT WARNING * * *
Arachne envenoms you.
* * * LOW HITPOINT WARNING * * *
Arachne misses Arachne.
Arachne closely misses you.
Arachne hits Arachne with a staff of poison!
Arachne envenoms Arachne.
Arachne is poisoned.
You fail to use your ability.
You feel very sick.
Arachne hits Arachne with a staff of poison!
Arachne envenoms Arachne.
Arachne hits you with a staff of poison.
* * * LOW HITPOINT WARNING * * *
Arachne envenoms you.
* * * LOW HITPOINT WARNING * * *
You are more poisoned.
Arachne hits Arachne with a staff of poison!
Arachne envenoms Arachne.
Arachne hits you but does no damage. Arachne envenoms you!
* * * LOW HITPOINT WARNING * * *
Okay, then.
You feel better.
Arachne hits you with a staff of poison!
* * * LOW HITPOINT WARNING * * *
Arachne envenoms you!
You die...

#....##########.....#^..#..#....
#.#### ##....#..##..#.... #.#
#.#######...##### ##.###
###^##......#...# #...^#
##....#.....##...# #^##.####
#.....#####..#...# #.##....###
##.....#[.#..#...# #.#####...#
#HH..........##..#
#.#######.######@##.............#
......###........#..>.##........#
..###..#.......#^....##....######
^..##.....###.###.####..##....^#.
^.####^.......###.###...#........
#..^.###..##....#..#.#.###.......
..####^#..#....###..^###.^..#####
...#.#....#.....##....###....#..#
.###..#..###.#..#.....##........#


You could see Arachne (poisoned, ally target) and the friendly Arachne
(summoned, drained).

Vanquished Creatures
  Gastronok (Lair:3)
  An orc warlord (Orc:2)
  2 emperor scorpions (Spider:2)
  3 ghost moths (Spider:2)
  2 broodmothers
  An entropy weaver (Spider:2)
  A spark wasp (Spider:2)
  An ettin (Orc:1)
  Josephine (D:12)
  5 hydras
  3 boulder beetles
  3 ogre magi
  Fannar (D:10)
  3 jorogumos (Spider:2)
  A radroach (Spider:2)
  3 two-headed ogres
  A death scarab (Spider:2)
  6 death yaks
  A tengu warrior (D:11)
  Nergalle (Orc:2)
  4 pharaoh ants
  A sixfirhy (Lair:5)
  3 steelbarb worms (Spider:1)
  3 orb spiders
  A wizard (Lair:5)
  2 deep elf pyromancers
  10 orc sorcerers
  2 oklob plants (Lair:2)
  An ugly thing (D:11)
  11 wolf spiders
  2 moths of wrath
  19 elephants
  2 black mambas
  An orange demon (Lair:5)
  3 gargoyles
  10 cane toads
  3 torpor snails
  A kobold demonologist (D:10)
  An efreet (D:12)
  2 demonic crawlers (Spider:1)
  2 rime drakes (Lair:5)
  9 komodo dragons
  3 ice devils (Lair:5)
  A hellwing (Lair:5)
  A tengu conjurer (D:11)
  A red devil (Lair:5)
  3 polar bears
  10 trolls
  A hornet (Lair:2)
  20 tarantellas
  7 slime creatures
  17 blink frogs
  9 jumping spiders
  A spriggan (D:12)
  17 culicivoras
  8 wyverns
  63 yaks
  2 vampires
  9 wraiths
  2 steam dragons
  4 basilisks
  24 redbacks
  Grum (D:9)
  3 wargs
  3 acid dragons
  21 water moccasins
  A floating eye (Lair:2)
  5 hell hounds (Lair:5)
  2 ice beasts (D:6)
  17 orc warriors
  7 ogres
  3 black bears
  7 wolves
  6 centaurs
  A kobold brigand (D:10)
  2 necrophages (D:6)
  2 gnoll sergeants (D:10)
  11 bullfrogs
  2 scorpions (D:5)
  7 water moccasin zombies (Ossuary)
  4 wights (D:9)
  14 killer bees
  3 howler monkeys
  4 jellies
  2 hounds (D:6)
  A gnoll bouda (D:7)
  8 orc priests
  7 hell rats (Lair:5)
  Ijyb (D:3)
  Terence (D:2)
  Natasha (thrice) (D:3)
  5 iguanas
  34 orc wizards
  2 mummies (Ossuary)
  13 gnolls
  11 adders
  2 river rats (Sewer)
  2 shadow imps
  3 white imps (D:7)
  5 adder zombies (Ossuary)
  2 worms
  3 dart slugs
  86 orcs
  18 ball pythons
  9 endoplasms
  10 hobgoblins
  9 kobolds
  3 quokkas
  6 bats
  5 frilled lizards
  6 gnoll zombies (Ossuary)
  7 goblins
  2 hobgoblin zombies (Ossuary)
  7 kobold zombies (Ossuary)
  6 orc zombies (Ossuary)
  29 rats
  A bush (Lair:2)
772 creatures vanquished.

Vanquished Creatures (collateral kills)
  A broodmother (Spider:1)
  A steelbarb worm (Spider:1)
  A wolf spider (Spider:1)
  A tarantella (Spider:1)
  A culicivora (Spider:1)
  3 redbacks (Spider:1)
  An orc (Orc:1)
9 creatures vanquished.

Vanquished Creatures (others)
  A two-headed ogre (Orc:1)
  2 orc wizards
  An orc (Orc:2)
  18 fungi
  43 plants
65 creatures vanquished.

Grand Total: 846 creatures vanquished

Notes
Turn   | Place    | Note
-------+----------+-------------------------------------------
     0 | D:1      | Chatter the Minotaur Berserker began the quest for the Orb.
     0 | D:1      | Reached XP level 1. HP: 19/19 MP: 0/0
   435 | D:1      | Reached XP level 2. HP: 27/27 MP: 1/1
  1066 | D:1      | Reached XP level 3. HP: 33/33 MP: 2/2
  1566 | D:2      | Noticed Terence
  1582 | D:2      | Killed Terence
  1583 | D:2      | Reached XP level 4. HP: 18/41 MP: 3/3
  2020 | D:2      | Reached ** piety under Trog
  2332 | D:2      | Found a bloodstained altar of Trog.
  2947 | D:3      | Noticed Natasha
  2955 | D:3      | Killed Natasha
  2956 | D:3      | Reached skill level 5 in Fighting
  2956 | D:3      | Reached skill level 5 in Axes
  3392 | D:3      | Reached XP level 5. HP: 29/48 MP: 4/4
  3646 | D:3      | Noticed Natasha
  3653 | D:3      | Killed Natasha
  3747 | D:3      | Noticed Natasha
  3749 | D:3      | Noticed Ijyb
  3752 | D:3      | Killed Natasha
  3814 | D:3      | Killed Ijyb
  4228 | D:3      | Reached XP level 6. HP: 57/57 MP: 5/5
  4417 | D:4      | Found the amulet of Elemental Vulnerability {rPois rF--
                  | rC-- AC+8}
  4935 | D:5      | Entered Level 5 of the Dungeon
  5120 | D:5      | Reached XP level 7. HP: 66/66 MP: 6/6
  5289 | D:5      | Noticed a yak
  5310 | D:5      | Killed a yak
  5311 | D:5      | Noticed a yak
  5312 | D:5      | Noticed a yak
  5344 | D:5      | Noticed a yak
  5344 | D:5      | Noticed a yak
  5349 | D:5      | Killed a yak
  5352 | D:5      | Killed a yak
  5352 | D:5      | Reached *** piety under Trog
  5353 | D:5      | Reached XP level 8. HP: 64/75 MP: 7/7
  6398 | D:5      | Found Boesel's Armour Shoppe.
  6643 | D:6      | Reached skill level 1 in Shields
  6761 | D:6      | Reached skill level 10 in Fighting
  6761 | D:6      | Reached skill level 10 in Axes
  6766 | D:6      | Reached XP level 9. HP: 58/85 MP: 8/8
  6909 | D:6      | Found a glowing drain.
  6921 | Sewer    | Entered a sewer
  7033 | Sewer    | Reached **** piety under Trog
  7329 | D:6      | Found a staircase to the Ecumenical Temple.
  7763 | D:5      | Bought a +3 scale mail of poison resistance for 299 gold
                  | pieces
  8559 | D:7      | Reached skill level 5 in Armour
  8665 | D:7      | Reached skill level 1 in Evocations
  9241 | D:8      | Found a sand-covered staircase.
  9249 | Ossuary  | Entered an ossuary
  9279 | Ossuary  | Reached ***** piety under Trog
  9289 | Ossuary  | Reached skill level 5 in Dodging
  9592 | D:8      | Reached XP level 10. HP: 82/94 MP: 9/9
  9875 | D:8      | Noticed a two-headed ogre
  9887 | D:8      | Killed a two-headed ogre
 10349 | D:9      | Reached skill level 5 in Shields
 10586 | D:9      | Noticed a deep elf pyromancer
 10788 | D:9      | Killed a deep elf pyromancer
 11573 | D:9      | Noticed Grum
 11597 | D:9      | Killed Grum
 11775 | D:10     | Entered Level 10 of the Dungeon
 11892 | D:10     | Found a shimmering altar of Xom.
 11930 | D:10     | Noticed Fannar
 11943 | D:10     | Noticed a gargoyle
 12235 | D:10     | Killed a gargoyle
 12235 | D:10     | Received a gift from Trog
 12383 | D:10     | Killed Fannar
 12384 | D:10     | Reached XP level 11. HP: 104/104 MP: 10/10
 12815 | D:10     | Found a staircase to the Lair.
 12956 | D:10     | Noticed a sixfirhy
 12960 | D:10     | Noticed a two-headed ogre
 12966 | D:10     | Killed a two-headed ogre
 13052 | D:10     | Noticed an ogre mage
 13058 | D:10     | Paralysed by something for 4 turns
 13098 | D:10     | Paralysed by an ogre mage for 4 turns
 13106 | D:10     | Killed an ogre mage
 13594 | D:11     | Found a staircase to the Orcish Mines.
 13607 | D:11     | Noticed a tengu warrior
 13618 | D:11     | Killed a tengu warrior
 13619 | D:11     | Reached skill level 5 in Evocations
 13628 | D:11     | Noticed a red ugly thing
 13636 | D:11     | Killed a purple ugly thing
 13771 | D:11     | Noticed a boulder beetle
 13786 | D:11     | Killed a boulder beetle
 14187 | D:11     | Noticed a two-headed ogre
 14194 | D:11     | Killed a two-headed ogre
 14361 | D:12     | Reached XP level 12. HP: 113/113 MP: 11/11
 14709 | D:12     | Noticed Nessos
 14720 | D:12     | Noticed Nessos
 14720 | D:12     | Nessos changed into Nessos the spriggan
 14731 | D:12     | Killed Nessos the spriggan
 14864 | D:12     | Noticed Josephine
 14866 | D:12     | Killed Josephine
 15870 | Lair:1   | Entered Level 1 of the Lair of Beasts
 17089 | Lair:2   | Noticed Sonja
 17104 | Lair:1   | Reached skill level 10 in Armour
 17266 | Lair:2   | Noticed Sonja
 17266 | Lair:2   | Sonja changed into Sonja the hornet
 17267 | Lair:2   | Noticed Sonja
 17267 | Lair:2   | Sonja the hornet changed into Sonja the fire bat
 17268 | Lair:2   | Noticed Sonja
 17268 | Lair:2   | Sonja the fire bat changed into Sonja the acid dragon
 17270 | Lair:2   | Killed Sonja the acid dragon
 17326 | Lair:2   | Paralysed by a floating eye for 4 turns
 17415 | Lair:2   | Reached XP level 13. HP: 102/122 MP: 12/12
 17550 | Lair:2   | Found a glowing golden altar of the Shining One.
 17620 | Lair:2   | You are sucked into a shaft and drop 2 floors!
 17783 | Lair:3   | Received a gift from Trog
 17794 | Lair:3   | Reached skill level 10 in Shields
 17918 | Lair:2   | Found a staircase to the Shoals.
 18524 | Lair:3   | Noticed Gastronok
 18556 | Lair:3   | Killed Gastronok
 18568 | Lair:3   | Found a hole to the Spider Nest.
 19000 | Lair:4   | Reached skill level 10 in Dodging
 19823 | Lair:5   | Entered Level 5 of the Lair of Beasts
 19981 | Lair:5   | Found a staircase to the Slime Pits.
 19982 | Lair:5   | Found a viscous altar of Jiyva.
 20011 | Lair:5   | Reached XP level 14. HP: 103/133 MP: 13/13
 20023 | Lair:5   | Received a gift from Trog
 20707 | Lair:5   | Found a burning altar of Makhleb.
 20728 | Lair:5   | Reached skill level 15 in Fighting
 20728 | Lair:5   | Reached skill level 15 in Axes
 20764 | Lair:5   | Found a gateway to Hell.
 20771 | Lair:5   | Identified the +1 leather armour "Hicith" {Dex+3}
 21607 | Orc:1    | Entered Level 1 of the Orcish Mines
 21607 | Orc:1    | Found Ycou's Book Boutique.
 21650 | Orc:1    | Received a gift from Trog
 21730 | Orc:1    | Found Laopimm's Magic Scroll Shop.
 21738 | Orc:1    | Found Ruaczek's Jewellery Boutique.
 21739 | Orc:1    | Bought a scroll of identify for 28 gold pieces
 21739 | Orc:1    | Bought a scroll of enchant armour for 105 gold pieces
 22109 | Orc:2    | Entered Level 2 of the Orcish Mines
 22109 | Orc:2    | Found a staircase to the Elven Halls.
 22217 | Orc:2    | Noticed an orc warlord
 22235 | Orc:2    | Killed an orc warlord
 22440 | Orc:2    | Found Kev Xuef's Distillery.
 22487 | Orc:2    | Found Xixtysodes's Antique Armour Boutique.
 22502 | Orc:2    | Found a radiant altar of Vehumet.
 22516 | Orc:2    | Found Noaseigh's Book Boutique.
 22527 | Orc:2    | Noticed Nergalle
 22537 | Orc:2    | Killed Nergalle
 22615 | Orc:2    | Bought a potion of invisibility for 104 gold pieces
 22630 | Orc:2    | Found an ancient bone altar of Kikubaaqudgha.
 22650 | Orc:2    | Found Habexkerph's Antique Armour Boutique.
 22682 | Orc:2    | Bought a pair of runed boots for 195 gold pieces
 23026 | Orc:1    | Bought a scroll of blinking for 105 gold pieces
 23026 | Orc:1    | Bought a scroll of blinking for 105 gold pieces
 23026 | Orc:1    | Bought a scroll of teleportation for 42 gold pieces
 23264 | Spider:1 | Entered Level 1 of the Spider Nest
 23275 | Spider:1 | Reached XP level 15. HP: 141/141 MP: 14/14
 23698 | Spider:1 | Received a gift from Trog
 24806 | Spider:2 | Paralysed by a jorogumo for 3 turns
 25818 | Spider:2 | Reached skill level 10 in Evocations
 26654 | Spider:2 | Noticed an emperor scorpion
 26666 | Spider:2 | Killed an emperor scorpion
 26718 | Spider:2 | Noticed an emperor scorpion
 26728 | Spider:2 | Killed an emperor scorpion
 27272 | Spider:3 | Noticed Arachne
 27301 | Spider:2 | HP: 6/145 [Arachne/staff of poison (11)]
 27301 | Spider:2 | Slain by Arachne

Illustrated notes

Levels and vault maps discovered:
D:1:      lightli_arrival_maybe_door_vault, layout_loops_ring,
          minmay_misc_feat_pillars
D:2:      layout_basic, basic_altar, kennysheep_nondescript,
          kennysheep_generic_room_11, uniq_terence
D:3:      layout_basic, uniq_ijyb, uniq_natasha
D:4:      layout_rooms
D:5:      layout_basic, serial_shops, nicolae_shop_advertising_works
          [nicolae_subvault_shop_adworks], serial_co_window_serial,
          co_window_paths_a, co_window_of_opportunity_a, co_window_corner_a,
          co_window_paths_a, co_window_paths_a, co_window_corner_a,
          co_window_of_opportunity_a, co_window_2corner, co_window_corner_b,
          co_window_corner_b, co_window_broadway_b, co_window_of_opportunity_b,
          glass_columns_a
D:6:      layout_basic, minmay_temple_entry_fiery, portal_sewer_entry_a,
          grunt_decor_fettered
D:7:      layout_basic
D:8:      layout_rooms, enter_ossuary_1
D:9:      layout_rooms, uniq_grum
D:10:     layout_basic, mainiacjoe_overflow_brackets, lair_entry_dummy,
          enter_bailey_5, evilmike_minifort, uniq_fannar
D:11:     cheibrodos_elevator_heist, layout_basic, orc_0_dummy,
          portal_ice_cave_entry_pillars_2
D:12:     layout_basic, small_statue_alley_a, nzn_life_drinkers, uniq_nessos,
          uniq_josephine
Lair:1:   layout_cave_pods
Lair:2:   layout_regular_city, minmay_shoals_entry_centaurs, basic_altar,
          disabler_island, serial_bayou_shore_b, uniq_sonja
Lair:3:   layout_chaotic_city, dummy_spider_entry,
          cheibrodos_lair_caveside_slide, lemuel_fruit_tree, uniq_gastronok
Lair:4:   layout_roguey, enter_volcano_1, beast_lair_carwin_8,
          grunt_megastairs_5, lemuel_fruit_fields
Lair:5:   evil_forest, layout_hall_layers, dpeg_slime_entry_corner
Spider:1: layout_cave_pods, nicolae_spider_checkerboard
Spider:2: nicolae_spider_hilbert_zone_1 [nicolae_spider_hilbert_4_sides_1_open,
          nicolae_spider_hilbert_4_sides_1_open,
          nicolae_spider_hilbert_4_sides_1_open,
          nicolae_spider_hilbert_4_sides_1_open,
          nicolae_spider_hilbert_3_sides_1_open,
          nicolae_spider_hilbert_3_sides_1_open,
          nicolae_spider_hilbert_3_sides_1_open,
          nicolae_spider_hilbert_3_sides_1_open,
          nicolae_spider_hilbert_3_sides_1_open,
          nicolae_spider_hilbert_6_sides_1_open,
          nicolae_spider_hilbert_6_sides_1_open,
          nicolae_spider_hilbert_3_sides_1_open,
          nicolae_spider_hilbert_3_sides_1_open,
          nicolae_spider_hilbert_3_sides_1_open,
          nicolae_spider_hilbert_3_sides_1_open,
          nicolae_spider_hilbert_2_sides_1_open],
          nicolae_spider_twisty_arc_passages
Spider:3: spiders_nest_scorpion_pit, ebering_ghost_xom, uniq_nikola,
          uniq_louise, uniq_arachne, uniq_bai_suzhen
Orc:1:    layout_diamond_mine, serial_shops, shop_scrolls,
          nicolae_shop_hallway_stairs, shop, nicolae_orc_tapped_out
Orc:2:    kennysheep_orc_mage_school, layout_caves

Skill      XL: |  1  2  3  4  5  6  7  8  9 10 11 12 13 14 15 |
---------------+----------------------------------------------+-----
Fighting       | 4 5 6 7 8 10 11 12 13 14 15 16 | 16.5
Axes           | 4 5 6 7 8 10 11 12 13 14 15 16 | 16.5
Armour         | 3 5 7 8 10 11 12 14 | 14.2
Dodging        | 3 5 6 7 9 10 11 13 | 13.0
Shields        | 2 4 6 8 9 11 | 11.8
Evocations     | 2 3 5 6 7 9 10 | 10.3

Action                   |  1- 3 |  4- 6 |  7- 9 | 10-12 | 13-15 || total
-------------------------+-------+-------+-------+-------+-------++-------
Melee: Hand axe          |    61 |   140 |   439 |   146 |       ||   786
       Headbutt          |     5 |    24 |    89 |    96 |   181 ||   395
       Battleaxe         |       |       |       |   308 |   800 ||  1108
Throw: Throwing net      |       |       |       |       |     1 ||     1
Invok: Berserk           |     1 |     1 |       |     7 |    12 ||    21
       Trog's Hand       |       |     1 |     2 |    13 |    21 ||    37
       Brothers in Arms  |       |       |       |       |     2 ||     2
Evoke: Wand              |       |       |       |    23 |    40 ||    63
       Condenser vane    |       |       |       |       |     3 ||     3
       Phantom mirror    |       |       |       |       |     1 ||     1
  Use: Scroll            |       |     4 |    11 |     5 |    14 ||    34
       Potion            |       |       |       |       |    17 ||    17
 Stab: Confused          |       |       |       |     2 |       ||     2
       Distracted        |       |       |       |       |     1 ||     1
Armor: Animal skin       |    10 |       |       |       |       ||    10
       Scale mail        |       |   104 |   221 |    47 |   386 ||   758
       Plate armour      |       |       |       |   252 |   182 ||   434
Dodge: Dodged            |    56 |    73 |   160 |   226 |   634 ||  1149
Block: Buckler           |       |     7 |     3 |       |       ||    10
       Kite shield       |       |       |   134 |    96 |       ||   230
